 Dungeon Crawl Stone Soup version 0.19-a0-1384-gbb462ca (webtiles) character file.

5765 st0uf the Thaumaturge (level 10, 0/80 HPs)
             Began as a Grey Draconian Conjurer on Sept 3, 2016.
             Was a Follower of Vehumet.
             Slain by Harold
             ... wielding a +1 halberd of venom
              (9 damage)
             ... on level 10 of the Dungeon.
             The game lasted 00:55:38 (10674 turns).

st0uf the Thaumaturge (Grey Draconian Conjurer)    Turns: 10674, Time: 00:55:39

Health: 0/80       AC: 12    Str: 11    XL:     10   Next: 49%
Magic:  14/23      EV:  8    Int: 18    God:    Vehumet [*.....]
Gold:   436        SH:  0    Dex: 12    Spells: 6 memorised, 8 levels left

rFire  + . .     SeeInvis .     w - staff of fire
rCold  . . .     Gourm    .     (armour unavailable)
rNeg   . . .     Faith    .     (no shield)
rPois  .         Spirit   .     (helmet restricted)
rElec  .         Dismiss  .     (no cloak)
rCorr  .         Reflect  .     (no gloves)
MR     .....     Harm     .     (no boots)
Stlth  ++........               (no amulet)
                                (no ring)
                                C - +2 ring of evasion

@: lethally poisoned (0 -> -22), held
A: walk through water, unfitting armour, unbreathing, cold-blooded, AC +12
a: Renounce Religion


You were on level 10 of the Dungeon.
You worshipped Vehumet.
Vehumet was aware of your devotion.
You were not hungry.

You visited 2 branches of the dungeon, and saw 11 of its levels.

You collected 574 gold pieces.
You spent 138 gold pieces at shops.

Inventory:

Hand Weapons
 u - a +0 mace of protection
 B - a +2 whip of freezing
 G - a +1 whip of electrocution
Missiles
 s - 2 throwing nets (quivered)
Magical Staves
 w - an uncursed staff of fire (weapon)
Rods
 Q - a +0 rod of inaccuracy (14/14)
   (You found it on level 9 of the Dungeon)
Jewellery
 C - a +2 ring of evasion (left hand)
 S - a cursed +3 ring of strength {unknown}
 V - an uncursed ring of ice {unknown}
Wands
 v - a wand of flame (10/48)
 A - a wand of teleportation (3/9)
 K - a wand of digging (9/24)
 M - a wand of flame (24/48)
 N - a wand of lightning (10/15)
Scrolls
 d - 7 scrolls of identify {unknown}
 e - 5 scrolls of enchant weapon {unknown}
 j - 4 scrolls of enchant armour {unknown}
 k - 5 scrolls of remove curse {unknown}
 l - 2 scrolls of fear {unknown}
 m - 5 scrolls of teleportation {unknown}
 p - 2 scrolls of magic mapping {unknown}
 t - 3 scrolls of random uselessness {unknown}
 x - 5 scrolls of recharging {unknown}
 y - a scroll of fog {unknown}
 D - 2 scrolls of amnesia {unknown}
 J - a scroll of noise {unknown}
 O - a scroll of blinking {unknown}
Potions
 c - 2 potions of might
 f - a potion of cure mutation {unknown}
 g - 3 potions of lignification {unknown}
 i - 2 potions of mutation {unknown}
 n - a potion of invisibility {unknown}
 o - 2 potions of heal wounds
 r - a potion of cancellation {unknown}
 z - a potion of ambrosia {unknown}
 F - a potion of resistance {unknown}
 H - a potion of agility {unknown}
 I - 4 potions of curing {unknown}
 U - a potion of degeneration {unknown}
 X - a potion of brilliance {unknown}
Books
 a - a book of Conjurations

   Spells                             Type                      Level
   a - Magic Dart                     Conjuration                  1
   b - Searing Ray                    Conjuration                  2
   c - Dazzling Spray                 Conjuration/Hexes            3
   d - Fulminant Prism                Conjuration/Hexes            4
   e - Iskenderun's Mystic Blast      Conjuration                  4
   f - Iskenderun's Battlesphere      Conjuration/Charms           5
 P - a book of the Tempests

   Spells                             Type                      Level
   a - Static Discharge               Conjuration/Air              3
   b - Lightning Bolt                 Conjuration/Air              5
   c - Fireball                       Conjuration/Fire             5
   d - Tornado                        Air                          9
   e - Shatter                        Earth                        9
 R - a book of Annihilations

   Spells                             Type                      Level
   a - Poison Arrow                   Conjuration/Poison           6
   b - Chain Lightning                Conjuration/Air              8
   c - Lehudib's Crystal Spear        Conjuration/Earth            8
   d - Glaciate                       Conjuration/Ice              9
   e - Fire Storm                     Conjuration/Fire             9
Comestibles
 b - 10 bread rations
 h - 6 meat rations
 q - 10 beef jerkies
 E - 10 royal jellies
 L - a slice of pizza
 T - 6 chunks of flesh
 W - 4 fruits


   Skills:
 + Level 4.7 Fighting
 - Level 3.3(4.0) Maces & Flails
 + Level 3.4(4.0) Staves
 + Level 4.9 Dodging
 - Level 1.7 Stealth
 * Level 9.1 Spellcasting
 + Level 7.5 Conjurations
 + Level 4.2 Hexes
 + Level 2.0 Fire Magic
 + Level 3.4 Evocations


You had 8 spell levels left.
You knew the following spells:

 Your Spells              Type           Power        Failure   Level  Hunger
a - Magic Dart            Conj           ####         1%          1    None
b - Searing Ray           Conj           #####.       1%          2    None
c - Dazzling Spray        Conj/Hex       ####..       2%          3    None
d - Iskenderun's Mystic   Conj           #####...     4%          4    ###....
e - Fireball              Conj/Fire      #####.....   34%         5    #####..
f - Fulminant Prism       Conj/Hex       ####......   10%         4    ###....


Dungeon Overview and Level Annotations

Branches:
Dungeon (10/15)            Temple (1/1) D:4
   Lair: D:8-11         Orc: D:9-12

Altars:
Ashenzari
Cheibriados
Dithmenos
Elyvilon
Fedhas
Gozag
Hepliaklqana
Kikubaaqudgha
Makhleb
Nemelex Xobeh
Okawaru
Qazlal
Ru
Sif Muna
Trog
Uskayaw
Vehumet
Xom
Yredelemnul
Zin
The Shining One

Shops:
D:5 *

Annotations:
D:10 Harold


Innate Abilities, Weirdness & Mutations

You can walk through water.
Your dull iron-grey scales are very hard. (AC +12)
Your body does not fit into most forms of armour.
You can survive without breathing.
You are cold-blooded and may be slowed by cold attacks.


Message History

Harold hits you but does no damage.
You are lethally poisoned!
The scorpion barely misses you.
* * * LOW HITPOINT WARNING * * *
You feel sick.
Harold throws a throwing net.
The throwing net hits you.
You become entangled in the net!
The scorpion stings you.
* * * LOW HITPOINT WARNING * * *
You are more poisoned.
The scorpion poisons you!
You see here a throwing net.
You tear a large gash into the net.
* * * LOW HITPOINT WARNING * * *
You feel sick.
The scorpion stings you but does no damage.
You struggle against the net.
* * * LOW HITPOINT WARNING * * *
You feel very sick. The scorpion closely misses you.
Harold hits you from afar with a halberd of venom!
You die...

### #<# #.# #.#
########### #.#
#.........# #.#
##.#######.#
###.#####..(†......####
#.......@.@#.......#(K
#.#.#####s##.......#.#
####.#.##.....(.......#.#
+....................)(>#
####.#..#..#.##......####.
#.####..#.#............#
#.......#.##...#########
#+####..#.............
#..###)....######


You could see Harold and a scorpion.

Vanquished Creatures
  Pikel (D:5)
  Prince Ribbit (D:9)
  The ghost of jacquesderrida the Caller, an amateur DsSu of Ashenzari (D:9)
  2 steam dragons
  A hippogriff (D:8)
  2 hungry ghosts
  Grum (D:9)
  The ghost of Ruebezahl the Skirmisher, an amateur GrCK of Xom (D:4)
  Menkaure (D:6)
  A soldier ant (D:8)
  2 orc warriors
  2 slaves (D:5)
  7 ogres
  2 phantoms
  A sky beast (D:5)
  2 wolves (D:9)
  2 wasps (D:8)
  5 centaurs
  A big kobold (D:10)
  A giant frog (D:9)
  Blork the orc (D:6)
  A wyvern zombie (D:7)
  A gnoll sergeant (D:7)
  3 scorpions
  3 killer bees (D:8)
  3 wights (D:7)
  4 howler monkeys
  3 crimson imps
  A centaur zombie (D:5)
  A quasit (D:6)
  A jelly (D:8)
  2 centaur skeletons
  4 orc priests
  A giant frog skeleton (D:4)
  4 hounds
  4 iguanas
  5 worker ants
  5 orc wizards
  A hound skeleton (D:4)
  8 gnolls (D:7)
  A howler monkey skeleton (D:4)
  7 adders
  3 worms
  6 dart slugs
  2 giant geckos (D:3)
  31 orcs
  4 giant cockroaches
  13 goblins
  3 hobgoblins
  7 jackals (D:1)
  A quokka (D:3)
  A ball python (D:1)
  5 bats
  4 giant newts
  13 kobolds
  9 rats
203 creatures vanquished.

Vanquished Creatures (others)
  A kobold (D:10)
1 creature vanquished.

Grand Total: 204 creatures vanquished

Notes
Turn   | Place    | Note
-------+----------+-------------------------------------------
     0 | D:1      | st0uf the Draconian Conjurer began the quest for the Orb.
     0 | D:1      | Reached XP level 1. HP: 14/14 MP: 3/3
   432 | D:1      | Reached XP level 2. HP: 20/20 MP: 1/5
   936 | D:1      | Reached skill level 3 in Spellcasting
  1063 | D:1      | Reached XP level 3. HP: 26/26 MP: 0/7
  1183 | D:1      | Learned a level 2 spell: Searing Ray
  1969 | D:2      | Reached XP level 4. HP: 33/33 MP: 7/9
  2353 | D:2      | Reached skill level 4 in Spellcasting
  2677 | D:3      | Reached XP level 5. HP: 38/38 MP: 4/11
  3467 | D:4      | Noticed Ruebezahl's ghost (amateur GrCK)
  3593 | D:4      | Reached skill level 5 in Conjurations
  3698 | D:4      | Reached skill level 5 in Spellcasting
  3722 | D:5      | Entered Level 5 of the Dungeon
  3738 | D:5      | Found an iron altar of Okawaru.
  3766 | D:5      | Reached XP level 6. HP: 45/45 MP: 4/13
  3872 | D:5      | Noticed a sky beast
  3890 | D:5      | Killed a sky beast
  4117 | D:5      | Reached skill level 6 in Spellcasting
  4117 | D:5      | Your scales start taking on a dull iron-grey colour.
  4117 | D:5      | Reached XP level 7. HP: 50/50 MP: 10/16
  4117 | D:5      | Gained mutation: You can survive without breathing. [Grey Draconian growth]
  4362 | D:5      | Learned a level 3 spell: Dazzling Spray
  4367 | D:5      | Learned a level 4 spell: Iskenderun's Mystic Blast
  4560 | D:5      | Found Puniaraki's Assorted Antiques.
  4564 | D:5      | Bought a scroll labeled LAYNIB TAHY for 21 gold pieces
  4564 | D:5      | Bought a grey potion for 18 gold pieces
  4564 | D:5      | Bought a scroll labeled LAYNIB TAHY for 21 gold pieces
  4564 | D:5      | Bought a glowing white potion for 18 gold pieces
  4564 | D:5      | Bought a grey potion for 18 gold pieces
  4564 | D:5      | Bought a scroll labeled LOMABI ZORAUMY for 21 gold pieces
  4564 | D:5      | Bought a scroll labeled VAKIANEYGH for 21 gold pieces
  4754 | D:5      | Noticed Pikel
  4769 | D:5      | Killed Pikel
  4769 | D:5      | Reached skill level 1 in Maces & Flails
  4769 | D:5      | Reached skill level 1 in Hexes
  4769 | D:5      | Reached XP level 8. HP: 53/61 MP: 6/18
  4867 | D:6      | Reached skill level 7 in Spellcasting
  5216 | D:6      | Noticed Blork the orc
  5225 | D:6      | Killed Blork the orc
  5234 | D:6      | Noticed Menkaure
  5268 | D:6      | Killed Menkaure
  6118 | D:7      | Reached XP level 9. HP: 70/70 MP: 10/20
  6892 | D:7      | Reached skill level 1 in Staves
  6892 | D:7      | Reached skill level 8 in Spellcasting
  7105 | D:8      | Reached skill level 1 in Evocations
  8425 | D:9      | Noticed jacquesderrida's ghost (amateur DsSu)
  8554 | D:8      | Identified a +0 rod of inaccuracy (14/14) (You found it on level 9 of the Dungeon)
  8746 | D:4      | Learned a level 5 spell: Fireball
  8767 | D:4      | Reached XP level 10. HP: 79/79 MP: 17/22
  8850 | D:4      | Killed Ruebezahl's ghost
  8859 | D:4      | Found a staircase to the Ecumenical Temple.
  8868 | Temple   | Entered the Ecumenical Temple
  8928 | Temple   | Became a worshipper of Vehumet
  9249 | D:9      | Noticed Prince Ribbit
  9542 | D:9      | Learned a level 4 spell: Fulminant Prism
  9588 | D:9      | Killed jacquesderrida's ghost
  9588 | D:9      | Reached skill level 1 in Fire Magic
  9948 | D:9      | Killed Prince Ribbit
  9948 | D:9      | Reached skill level 9 in Spellcasting
 10135 | D:9      | Noticed Grum
 10148 | D:9      | Killed Grum
 10433 | D:9      | Reached * piety under Vehumet
 10433 | D:9      | Offered knowledge of Flame Tongue by Vehumet.
 10539 | D:10     | Entered Level 10 of the Dungeon
 10646 | D:10     | Noticed Harold
 10674 | D:10     | Slain by Harold

Vault maps used:
D:1:      minmay_arrival_doors
D:5:      first_bread, serial_shops, shop, okawaru_ov_weapons_minmay, uniq_pikel
D:6:      uniq_blork_the_orc, uniq_menkaure
D:8:      hangedman_pestilent_swarm
D:9:      uniq_prince_ribbit1, uniq_grum
D:10:     hangedman_cross_veins, lair_0_dummy, uniq_josephine, uniq_psyche,
          uniq_maurice, uniq_harold
Temple:   nicolae_temple_the_god_donut

Skill      XL: |  1  2  3  4  5  6  7  8  9 10 |
---------------+-------------------------------+-----
Spellcasting   | 3 4 5 6 7 8 9 |  9.1
Conjurations   | 5 6 7 |  7.5
Dodging        | 2 3 4 |  4.9
Fighting       | 2 3 4 |  4.7
Maces & Flails | 1 3 |  3.3
Hexes          | 1 2 3 4 |  4.2
Staves         | 2 3 |  3.4
Evocations     | 2 3 |  3.4
Fire Magic     | 2 |  2.0
Stealth        | |  1.7

Action                   |  1- 3 |  4- 6 |  7- 9 | 10-12 || total
-------------------------+-------+-------+-------+-------++-------
Melee: Unarmed           |    23 |     8 |       |       ||    31
       Tailslap          |     5 |     3 |    13 |     3 ||    24
       Mace              |       |    12 |    43 |       ||    55
       Staff             |       |       |    41 |    27 ||    68
       Whip              |       |       |     3 |       ||     3
 Cast: Magic Dart        |   102 |   101 |    89 |     3 ||   295
       Searing Ray       |     2 |    10 |    73 |    49 ||   134
  Use: Potion            |       |       |     2 |       ||     2
  Eat: Chunk             |     4 |     6 |    14 |     6 ||    30
       Fruit             |       |       |     1 |     2 ||     3
       Pizza             |       |       |     1 |       ||     1
Armor: Skin              |    19 |    27 |   105 |    38 ||   189
Dodge: Dodged            |    42 |    64 |   200 |    88 ||   394
